AoeStats
← catchchez

Arabia

507016330Analyzed
1v1 RM · 17d ago on Sep 16, 2026· 30m 54s· 2 players
Game mode
Random Map
Map size
Tiny (2 player)
Population
200
Speed
Normal
Resources
Standard
Victory
Conquest
Starting age
Dark Age
Ending age
Imperial Age
RankedLock teamsTeams togetherTeam positionsShared explorationLock speedFull tech treeHidden civsTurbo modeCheats
Victory
Defeat
🇨🇳 Spanish · China
713
+16
🇮🇳 Japanese · India
706
-16
catchchez
3:05 Loom
11:25 Feudal Age
11:27 Man-at-Arms
20:43 Double-Bit Axe
22:21 Fletching
28:50 Castle Age
jitong3955
11:00 Feudal Age
11:31 Double-Bit Axe
17:07 Horse Collar
25:16 Castle Age
Connection lost

Rejoining the realm…

Still unreachable

The connection could not be restored.

Session expired

The server has moved on; the page needs a fresh start.